 Dungeon Crawl Stone Soup version 0.19.1 (webtiles) character file.

7541 Blackhawk the Spear-Bearer (level 10, -5/98 HPs)
             Began as a Troll Berserker on Feb 22, 2017.
             Was a High Priest of Trog.
             Slain by an orc warrior
             ... wielding a +0 trident of protection
              (10 damage)
             ... on level 10 of the Dungeon on Feb 26, 2017.
             The game lasted 00:30:41 (8021 turns).

Blackhawk the Spear-Bearer (Troll Berserker)        Turns: 8021, Time: 00:30:42

Health: -5/98      AC: 10    Str: 30    XL:     10   Next: 96%
Magic:  9/9        EV: 12    Int:  3    God:    Trog [*****.]
Gold:   601        SH:  0    Dex: 12    Spells: 0 memorised, 9 levels left

rFire  . . .     SeeInvis .     C - +2 spear (venom)
rCold  . . .     Gourm    +     F - +1 steam dragon scales
rNeg   . . .     Faith    .     (no shield)
rPois  .         Spirit   .     (helmet restricted)
rElec  .         Reflect  .     E - +0 cloak
rCorr  .         Harm     .     (gloves unavailable)
MR     .....                    (boots unavailable)
Stlth  ++........               (no amulet)
                                G - ring of stealth
                                I - +3 ring of dexterity

@: exhausted, slowed, very slow
A: unfitting armour, claws 3, fast metabolism 3, gourmand, regeneration 1,
shaggy fur 1, tough skin 2
a: Berserk, Trog's Hand, Brothers in Arms, Burn Spellbooks, Renounce Religion


You were on level 10 of the Dungeon.
You worshipped Trog.
Trog was extremely pleased with you.
You were very full.

You visited 1 branch of the dungeon, and saw 10 of its levels.

You collected 683 gold pieces.
You spent 82 gold pieces at shops.

Inventory:

Hand Weapons
 t - a +3 trident
 C - a +2 spear of venom (weapon)
Armour
 E - a +0 cloak (worn)
 F - +1 steam dragon scales (worn)
Jewellery
 G - a ring of stealth (right claw)
 I - a +3 ring of dexterity (left claw)
Wands
 r - a wand of digging (6/24)
 x - a wand of flame (36/48)
Scrolls
 f - a scroll of enchant armour
 h - 4 scrolls of remove curse
 k - 8 scrolls of identify
 n - 4 scrolls of enchant weapon
 p - 4 scrolls of blinking
 q - a scroll of magic mapping
 u - 2 scrolls of fear {unknown}
 y - 2 scrolls of teleportation
Potions
 c - a potion of brilliance {unknown}
 d - 2 potions of degeneration {unknown}
 e - 5 potions of curing
 g - 2 potions of heal wounds {unknown}
 i - 2 potions of flight {unknown}
 j - 2 potions of lignification {unknown}
 l - a potion of resistance
 m - a potion of magic {unknown}
 s - 3 potions of mutation {unknown}
 z - 2 potions of agility {unknown}
 B - a potion of haste {unknown}
 D - 2 potions of cure mutation {unknown}
 H - a potion of might {unknown}
Comestibles
 a - 2 chunks of flesh
 b - 7 bread rations
 o - 4 meat rations
 v - 10 fruits
 w - a beef jerky


   Skills:
 + Level 5.7 Fighting
 * Level 10.3 Polearms
 * Level 2.5 Armour
 - Level 6.0 Dodging
 - Level 7.1 Unarmed Combat


You had 9 spell levels left.
You didn't know any spells.

Dungeon Overview and Level Annotations

Branches:
Dungeon (10/15)            Temple (0/1) D:5
   Lair: D:8-11         Orc: D:9-12

Altars:

Shops:
D:4 [:((*   D:8 ?   D:10 =


Innate Abilities, Weirdness & Mutations

You are too large for most types of armour.
You have claws for hands.
Your metabolism is lightning-fast.
You like to eat raw meat.
Your natural rate of healing is unusually fast.
You are covered in fur. (AC +1)
You have very tough skin. (AC +2)


Message History

The magic dart hits you!
You closely miss something. The orc warrior misses you.
You hit something.
You feel the power of Trog in you as your rage grows.
Trog accepts your kill.
Trog appreciates your killing of a magic user.
Reactivating autopickup.
You feel a bit more experienced.
The orc warrior hits you with a trident of protection!
* * * LOW HITPOINT WARNING * * *
Items here: ) ? [ † a dagger; a robe; a scroll of teleportation; an orc corpse You feel a strong urge to attack something.
You are no longer berserk.
You are exhausted.
You feel yourself slow down.
The orc warrior hits you from afar with a trident of protection!
* * * LOW HITPOINT WARNING * * *
The orc warrior hits you from afar with a trident of protection!
You die...

#....##....# ..... ...
#....##....# .....> ..
#....##....# ...... ..(
+....(.....# #..∩. #.#
#....##....#
##....##.####..(.##....#
#/................#....#
#$...........(....#....#
#.....)@..........#(...#
##....[..######'###....#
##.....)o##......##....#
#.......)[.....%.......#
#........#..........(..#
#........#.............#
###########......##....#
##############


You could see an orc warrior.

Vanquished Creatures
  An unseen horror (D:10)
  The ghost of spsoon the Zephyrmancer, a novice HEAE of Vehumet (D:8)
  Joseph (D:7)
  A centaur skeleton (D:10)
  A komodo dragon (D:10)
  A two-headed ogre (D:8)
  2 hippogriffs
  Sigmund (D:6)
  6 yaks (D:8)
  2 steam dragons (D:5)
  Duvessa (D:5)
  An ice beast (D:8)
  2 sky beasts
  4 orc warriors
  A phantom (D:8)
  4 ogres
  2 centaurs
  The ghost of spsoon the Gusty, an amateur HEAE (D:4)
  A big kobold (D:7)
  Blork the orc (D:5)
  6 bullfrogs
  Dowan (D:5)
  A scorpion (D:9)
  8 killer bees
  3 wights (D:9)
  A howler monkey (D:6)
  A centaur zombie (D:9)
  9 orc priests
  5 hounds
  A jelly (D:10)
  12 orc wizards
  4 bullfrog skeletons
  2 iguanas
  3 worker ants
  A hound zombie (D:6)
  9 adders
  3 shadow imps
  2 oozes
  3 worms
  2 leopard geckos
  48 orcs
  10 giant cockroaches
  3 goblins
  4 hobgoblins
  15 jackals
  14 kobolds
  3 quokkas
  9 bats
  7 frilled lizards
  A leopard gecko skeleton (D:8)
  A leopard gecko zombie (D:4)
  A quokka zombie (D:9)
  3 rats
231 creatures vanquished.

Vanquished Creatures (collateral kills)
  A killer bee (D:9)
  2 wights (D:9)
3 creatures vanquished.

Grand Total: 234 creatures vanquished

Notes
Turn   | Place    | Note
-------+----------+-------------------------------------------
     0 | D:1      | Blackhawk the Troll Berserker began the quest for the Orb.
     0 | D:1      | Reached XP level 1. HP: 22/22 MP: 0/0
   332 | D:1      | Reached XP level 2. HP: 24/29 MP: 1/1
   784 | D:2      | Reached XP level 3. HP: 22/36 MP: 2/2
  1129 | D:2      | Reached ** piety under Trog
  1519 | D:3      | Reached XP level 4. HP: 44/44 MP: 3/3
  2097 | D:4      | Found Ixuintop's Antique Weapon Boutique.
  2102 | D:4      | Reached XP level 5. HP: 53/53 MP: 4/4
  2222 | D:4      | Reached skill level 5 in Unarmed Combat
  2224 | D:4      | HP: 3/79 [orc (4)]
  2253 | D:4      | Noticed an ogre
  2260 | D:4      | Killed an ogre
  2260 | D:4      | Reached XP level 6. HP: 29/61 MP: 5/5
  2293 | D:4      | Noticed spsoon's ghost (amateur HEAE)
  2307 | D:4      | Killed spsoon's ghost
  2307 | D:4      | Reached *** piety under Trog
  2407 | D:4      | Found Majiu's Armour Boutique.
  2408 | D:4      | Found Mac Jeny's Book Boutique.
  2525 | D:4      | Found Hajifurr's General Store.
  2573 | D:4      | Found Askigred's Weapon Shop.
  2585 | D:4      | Reached XP level 7. HP: 67/67 MP: 6/6
  3106 | D:4      | Reached skill level 1 in Polearms
  3158 | D:5      | Entered Level 5 of the Dungeon
  3217 | D:5      | Noticed a steam dragon
  3217 | D:5      | Noticed a steam dragon
  3223 | D:5      | Killed a steam dragon
  3225 | D:5      | Killed a steam dragon
  3225 | D:5      | Reached skill level 2 in Polearms
  3225 | D:5      | Reached XP level 8. HP: 15/76 MP: 7/7
  3480 | D:5      | Found a staircase to the Ecumenical Temple.
  3553 | D:5      | Noticed Blork the orc
  3567 | D:5      | Killed Blork the orc
  3567 | D:5      | Reached skill level 3 in Polearms
  3691 | D:5      | Noticed Duvessa
  3691 | D:5      | Noticed Dowan
  3706 | D:5      | Killed Duvessa
  3715 | D:5      | Killed Dowan
  4189 | D:6      | Reached skill level 4 in Polearms
  4191 | D:6      | Reached skill level 5 in Dodging
  4202 | D:6      | Reached **** piety under Trog
  4347 | D:6      | Noticed Sigmund
  4362 | D:6      | Killed Sigmund
  4362 | D:6      | Reached skill level 5 in Polearms
  4586 | D:6      | Reached XP level 9. HP: 45/84 MP: 8/8
  5014 | D:7      | Reached skill level 6 in Polearms
  5270 | D:7      | Noticed Joseph
  5289 | D:7      | Killed Joseph
  5537 | D:8      | Found Kahuc's Magic Scroll Shoppe.
  5542 | D:8      | Bought a scroll of enchant weapon for 82 gold pieces
  5595 | D:8      | Reached skill level 7 in Polearms
  5624 | D:8      | Reached skill level 8 in Polearms
  5875 | D:8      | Reached XP level 10. HP: 82/94 MP: 9/9
  6026 | D:8      | Reached ***** piety under Trog
  6138 | D:8      | Noticed spsoon's ghost (novice HEAE)
  6172 | D:8      | Killed spsoon's ghost
  6172 | D:8      | Reached skill level 1 in Armour
  6336 | D:8      | Reached skill level 9 in Polearms
  6509 | D:8      | Reached skill level 5 in Fighting
  7579 | D:10     | Entered Level 10 of the Dungeon
  7838 | D:10     | Reached skill level 10 in Polearms
  7981 | D:10     | Found Xutaf's Jewellery Boutique.
  8008 | D:10     | Killed an unseen horror
  8021 | D:10     | Slain by an orc warrior

Skill      XL: |  1  2  3  4  5  6  7  8  9 10 |
---------------+-------------------------------+-----
Dodging        | 3 4 5 6 |  6.0
Unarmed Combat | 4 5 6 7 |  7.1
Fighting       | 3 4 5 |  5.7
Polearms       | 2 5 8 10 | 10.3
Armour         | 2 |  2.5

Action                   |  1- 3 |  4- 6 |  7- 9 | 10-12 || total
-------------------------+-------+-------+-------+-------++-------
Melee: Unarmed           |    85 |   127 |    15 |       ||   227
       Punch             |     2 |     4 |    17 |    11 ||    34
       Spear             |       |       |   392 |   351 ||   743
Invok: Berserk           |       |     3 |     5 |     3 ||    11
       Burn Spellbooks   |       |       |     1 |     1 ||     2
       Brothers in Arms  |       |       |       |     1 ||     1
  Use: Scroll            |       |       |    10 |     1 ||    11
 Stab: Sleeping          |       |       |     4 |     8 ||    12
  Eat: Chunk             |    19 |    13 |    35 |    21 ||    88
Armor: Animal skin       |    23 |    31 |    53 |       ||   107
       Steam dragon scal |       |       |    45 |    89 ||   134
Dodge: Dodged            |    54 |    71 |   153 |   140 ||   418
